 Dungeon Crawl Stone Soup version 0.30-a0-956-gcec3b41aec (webtiles) character file.

Game seed: 17523879301209432763

125 Monkooky the Trooper (level 3, -1/30 HPs)
             Began as a Mummy Monk on Mar 30, 2023.
             Was a Follower of Ru.
             Slain by a centaur (6 damage)
             ... on level 3 of the Dungeon.
             The game lasted 00:03:10 (2617 turns).

Monkooky the Trooper (Mummy Monk)                   Turns: 2617, Time: 00:03:11

Health: -1/30      AC:  3    Str: 16    XL:     3   Next: 82%
Magic:  3/3        EV: 12    Int:  9    God:    Ru [*.....]
Gold:   64         SH:  0    Dex: 14    Spells: 2/2 levels left

rFire   x . .      SeeInvis .    a - +0 mace
rCold   + . .      Faith    +    (no shield)
rNeg    + + +      Spirit   .    b - +0 robe
rPois   ∞          Reflect  .    (no helmet)
rElec   .          Rampage  .    (no cloak)
rCorr   .                        (no gloves)
Will    .....                    k - +0 pair of boots
Stlth   ++                       (no amulet)
HPRegen 0.25/turn                (no ring)
MPRegen 0.08/turn                (no ring)

@: about to teleport
A: cold resistance 1, negative energy resistance 3, torment resistance 2, heat
vulnerability 1, inexperienced 1, in touch with death 1, no potions, faith
a: Renounce Religion


You were on level 3 of the Dungeon.
You worshipped Ru.
Ru was aware of your devotion.
You visited 1 branch of the dungeon, and saw 3 of its levels.

You collected 64 gold pieces.

Inventory:

Hand Weapons
 a - a +0 mace (weapon)
Armour
 b - a +0 robe (worn)
 k - a +0 pair of boots (worn)
Scrolls
 c - a scroll of poison {unknown}
 d - 2 scrolls of identify {unknown}
 e - 3 scrolls of teleportation
 f - 3 scrolls of noise {unknown}
 g - a scroll of amnesia {unknown}
 h - a scroll of butterflies {unknown}
 i - 2 scrolls of fog {unknown}
 j - a scroll of enchant weapon {unknown}


   Skills:
 - Level 4.2 Fighting
 + Level 2.8(3.3) Axes
 - Level 2.4(3.1) Maces & Flails
 - Level 2.4 Dodging
 - Level 1.5 Stealth


You had 2 spell levels left.
You didn't know any spells.
Your spell library contained the following spells:

 Spells                   Type           Power      Damage    Failure   Level
 Blink                    Tloc           0%         N/A       52%         2
 Lesser Beckoning         Tloc           0%         N/A       52%         2
 Momentum Strike          Conj/Tloc      0%         3d8       52%         2


Dungeon Overview and Level Annotations

Branches:
Dungeon (3/15)

Altars:
Ru

Annotations:
D:2 Terence


Innate Abilities, Weirdness & Mutations

You are immune to poison.
Your flesh is cold resistant. (rC+)
You are immune to negative energy. (rN+++)
You are immune to unholy pain and torment.
You are vulnerable to heat. (rF-)
You are somewhat inexperienced. (-1 XL)
You are in touch with the powers of death.
You do not drink.
You have a special connection with the divine. (Faith)


Message History

You hit the endoplasm but do no damage.
The endoplasm is lightly wounded.
The endoplasm hits you but does no damage.
You hit the endoplasm but do no damage.
The endoplasm is lightly wounded.
The endoplasm closely misses you.
You sock the endoplasm!
You kill the endoplasm!
No target in view!
No target in view!
No target in view!
No target in view!
No target in view!
No target in view!
No target in view!
No target in view!
No target in view!
No target in view!
No target in view!
A centaur comes into view.
The centaur wields a +0 shortbow.
The centaur shoots an arrow.
The arrow hits you!
The centaur shoots an arrow.
The arrow hits you!
You start resting.
A centaur is nearby!
The centaur unwields a +0 shortbow.
The centaur hits you.
The centaur kicks you but does no damage.
Okay, then.
As you read the scroll labelled JUYSIH RENK, it crumbles to dust.
You feel strangely unstable.
It was a scroll of teleportation.
The centaur hits you.
* * * LOW HITPOINT WARNING * * *
The centaur kicks you.
* * * LOW HITPOINT WARNING * * *
Okay, then.
You hit the centaur.
The centaur is lightly wounded.
The centaur closely misses you.
The centaur kicks you but does no damage.
The centaur hits you.
You die...

##...# #[#..#.!... #....#
.......... #.#### #..#.....
#.# #####..####.# #.#
#.........).# #.#
#......o.#### #.# ########
#..##.#..# #.# #.....c#
##..#..#..# #.#
#.####@###...#.##..#
#.####.##....##.##...o..####
#.........#..#...#......##..
######.####..#.{.#..##.....#
#.# #..#...#####.###.# #..
...##.## #.# #.# #.##
#####.# #!# #.. #.## ##.##
##### #..
#.#...###..o###...#####


You could see a centaur.

Vanquished Creatures
  2 orc wizards (D:3)
  An adder (D:3)
  2 worms
  A dart slug (D:1)
  4 orcs (D:3)
  A ball python (D:1)
  4 bats
  6 endoplasms
  3 giant cockroaches
  3 goblins (D:1)
  5 hobgoblins
  6 jackals
  2 quokkas
  2 frilled lizards
  5 kobolds
  A rat (D:1)
48 creatures vanquished.

Notes
Turn   | Place    | Note
-------+----------+-------------------------------------------
     0 | D:1      | Monkooky the Mummy Monk began the quest for the Orb.
     0 | D:1      | Reached XP level 1. HP: 18/18 MP: 1/1
   254 | D:1      | Reached XP level 2. HP: 21/24 MP: 2/2
   625 | D:1      | Reached skill level 4 in Fighting
  1080 | D:2      | Gained mutation: You are in touch with the powers of death.
                  | [Mummy growth]
  1080 | D:2      | Reached XP level 3. HP: 26/30 MP: 3/3
  1289 | D:2      | Reached skill level 1 in Axes
  1670 | D:2      | Noticed Terence
  1854 | D:3      | Reached XP level 4. HP: 33/37 MP: 4/4
  2302 | D:3      | Found a sacrificial altar of Ru.
  2322 | D:3      | Became a worshipper of Ru the Awakened
  2338 | D:3      | Gained mutation: You are somewhat inexperienced. (-1 XL)
                  | [Ru sacrifice]
  2338 | D:3      | Reached XP level 3. HP: 30/30 MP: 3/3
  2338 | D:3      | Reached * piety under Ru
  2612 | D:3      | Noticed a centaur
  2617 | D:3      | Slain by a centaur

Illustrated notes

Levels and vault maps discovered:
D:1:      minmay_arrival_open_corners, layout_basic
D:2:      layout_loops_corners, kennysheep_big_empty_room, uniq_terence
D:3:      layout_loops_cross, elyvilon_altar_1, nicolae_ru_awakened_eye

Skill      XL: |  1  2  3  4 |
---------------+-------------+-----
Fighting       | 4 |  4.2
Axes           | 1 2 |  2.8
Maces & Flails | |  2.4
Dodging        | |  2.4
Stealth        | |  1.5

Action                     |  1- 3 |  4- 6 || total
---------------------------+-------+-------++-------
  Melee: Mace              |   152 |    47 ||   199
 Invoke: Sacrifice Experie |     1 |       ||     1
    Use: Scroll            |     1 |       ||     1
   Stab: Sleeping          |     5 |     1 ||     6
         Distracted        |     1 |       ||     1
 Armour: Robe              |    31 |     9 ||    40
  Dodge: Dodged            |    85 |    39 ||   124

Table legend: (Time is in decaauts)
 A = Elapsed time spent in this place.
 B = Non-inter-level travel time spent in this place.
 C = Inter-level travel time spent in this place.
 D = Time resting spent in this place.
 E = Time spent auto-exploring this place.
 F = Levels seen in this place.
 G = Mean time per level.
                   A        B        C        D        E       F      G
               +--------+--------+--------+--------+--------+-----+--------+
         Total |   2672 |   2631 |     41 |    105 |   1977 |   3 |  890.7 |
       Dungeon |   2672 |   2631 |     41 |    105 |   1977 |   3 |  890.7 |
               +--------+--------+--------+--------+--------+-----+--------+

Top non-repeatable levels by time:
     D:1: 1007 daAuts
     D:2: 923 daAuts
     D:3: 741 daAuts
